AoeStats
← Velox_M_B

Baltic

510494681Analyzed
4v4 RM · 14h ago on Oct 1, 2026· 70m 1s· 8 players
Game mode
Random Map
Map size
Large (8 player)
Population
200
Speed
Normal
Resources
Standard
Victory
Conquest
Starting age
Dark Age
Ending age
Imperial Age
RankedLock teamsTeams togetherTeam positionsShared explorationLock speedFull tech treeHidden civsTurbo modeCheats
Victory
Defeat
🇨🇳 Chinese · China
831
+14
🇨🇳 Celts · China
757
+17
🇨🇳 Romans · China
756
+17
🇨🇳 Cumans · China
706
+20
🇺🇸 Portuguese · United States
839
-49
🇮🇹 Mongols · Italy
776
-17
🇪🇪 Burmese · Estonia
768
-16
🇮🇹 Huns · Italy
767
-16
Андрей
0:38 Loom
14:02 Feudal Age
14:43 Double-Bit Axe
18:44 Horse Collar
23:19 Castle Age
24:59 Wheelbarrow
24:30 Heavy Plow
26:41 Bow Saw
26:34 Gold Mining
26:27 Fishing Lines
26:56 Squires
30:02 Imperial Age
28:09 Stone Mining
28:40 Fortified Wall
28:31 Pikeman
29:30 Forging
29:22 Scale Mail Armor
30:29 Husbandry
30:40 Bloodlines
31:14 Ballistics
31:50 Hand Cart
32:23 Caravan
31:58 Light Cavalry
33:56 Iron Casting
35:35 Crop Rotation
35:51 Cavalier
37:13 Conscription
37:20 Heavy Scorpion
40:11 Gold Shaft Mining
41:09 Chemistry
40:16 Siege Engineers
43:15 Ballistas
46:54 Blast Furnace
46:00 Scale Barding Armor
45:33 Halberdier
45:37 Elite Centurion
47:40 Comitatenses
47:50 Fletching
48:17 Chain Mail Armor
51:40 Chain Barding Armor
57:43 Plate Barding Armor
ksffvbh
0:28 Loom
17:53 Feudal Age
18:37 Double-Bit Axe
19:51 Fishing Lines
23:24 Wheelbarrow
28:59 Castle Age
27:11 Fletching
27:21 Padded Archer Armor
27:42 Forging
27:32 Scale Mail Armor
30:25 Medium Warships
30:21 Gillnets
29:52 Demolition Ship
31:06 Hand Cart
32:08 Ballistics
31:57 Siphons
32:13 Gold Mining
32:14 Stone Mining
37:42 Imperial Age
37:07 Gold Shaft Mining
37:09 Stone Shaft Mining
39:28 Chemistry
39:23 Caravan
42:12 Conscription
43:28 Bow Saw
46:35 Careening
46:49 Shipwright
47:00 Heavy Warships
47:13 Bodkin Arrow
47:33 Leather Archer Armor
47:54 Iron Casting
47:35 Chain Mail Armor
49:12 Two-Man Saw
51:19 Bracer
51:49 Ring Archer Armor
52:20 Blast Furnace
51:50 Plate Mail Armor
53:01 Rocketry
52:43 Heavy Rocket Cart
64:02 Elite Chu Ko Nu
64:43 Town Watch
65:46 Cavalier
66:26 Husbandry
66:36 Bloodlines
66:55 Scale Barding Armor
67:20 Plate Mail Armor
龙吟凤舞
5:32 Loom
10:14 Feudal Age
12:49 Double-Bit Axe
13:02 Town Watch
19:36 Castle Age
19:09 Forging
20:57 Wheelbarrow
21:08 Town Watch
22:08 Horse Collar
23:17 Hand Cart
23:02 Town Patrol
24:06 Bow Saw
24:33 Scale Barding Armor
25:14 Bloodlines
27:19 Town Patrol
31:42 Imperial Age
31:01 Iron Casting
30:47 Chain Barding Armor
30:19 Fletching
32:29 Cavalier
34:22 Gold Mining
34:23 Stone Mining
36:09 Two-Man Saw
35:14 Heavy Plow
36:33 Blast Furnace
36:09 Plate Barding Armor
36:22 Paladin
39:23 Heated Shot
39:54 Ballistics
40:39 Chemistry
40:16 Crop Rotation
42:48 Gold Shaft Mining
47:20 Caravan
47:26 Bodkin Arrow
47:32 Scale Mail Armor
47:32 Padded Archer Armor
47:31 Murder Holes
56:45 Light Cavalry
60:34 Hussar
Nick76Luo
10:28 Feudal Age
11:09 Double-Bit Axe
15:52 Castle Age
15:28 Gold Mining
16:29 Stone Mining
16:48 Fishing Lines
18:25 Bow Saw
18:42 Loom
21:21 Gillnets
25:57 Horse Collar
26:52 Fletching
27:47 Heavy Plow
32:26 Town Watch
33:17 Wheelbarrow
35:18 Hand Cart
35:06 Town Patrol
37:06 Bodkin Arrow
37:21 Forging
37:12 Scale Mail Armor
41:15 Imperial Age
38:42 Pikeman
39:08 Arson
39:43 Chain Mail Armor
40:04 Iron Casting
40:39 Caravan
42:36 Plate Mail Armor
43:08 Blast Furnace
41:31 Halberdier
44:30 Capped Ram
45:26 Furor Celtica
45:45 Conscription
45:18 Stronghold
45:15 Siege Ram
45:20 Onager
46:53 Siege Onager
49:04 Heavy Scorpion
FlakeyJSnakey
0:30 Loom
13:44 Feudal Age
14:17 Double-Bit Axe
14:28 Fishing Lines
18:21 Horse Collar
22:47 Wheelbarrow
26:38 Forging
26:19 Fletching
26:30 Padded Archer Armor
26:31 Scale Mail Armor
26:52 Gold Mining
29:06 Castle Age
30:26 Hand Cart
32:08 Bow Saw
33:45 Heavy Plow
35:35 Careening
40:48 Stone Mining
41:00 Treadmill Crane
41:41 Ballistics
41:02 Crossbowman
43:15 Stone Shaft Mining
43:56 Bodkin Arrow
44:16 Leather Archer Armor
50:38 Imperial Age
52:20 Chemistry
51:40 Bracer
52:10 Ring Archer Armor
53:22 Bombard Tower
57:19 Conscription
56:23 Arbalester
Professor Bubba
12:09 Feudal Age
13:19 Fishing Lines
15:16 Wheelbarrow
16:06 Double-Bit Axe
20:20 Castle Age
24:11 Gillnets
24:48 Horse Collar
25:20 Bow Saw
25:31 Fletching
27:44 Medium Warships
32:14 Gold Mining
32:14 Stone Mining
32:29 Heavy Plow
33:13 Hand Cart
32:44 Town Watch
34:15 Ballistics
37:11 Imperial Age
37:07 Gold Shaft Mining
37:07 Stone Shaft Mining
38:53 Chemistry
38:17 Conscription
39:23 Drill
38:38 Onager
39:50 Thumb Ring
40:13 Parthian Tactics
41:20 Bodkin Arrow
41:26 Padded Archer Armor
41:03 Siege Onager
42:54 Elite Mangudai
44:14 Bracer
44:30 Leather Archer Armor
45:40 Scale Barding Armor
47:47 Husbandry
47:57 Bloodlines
47:57 Caravan
51:44 Nomads
56:55 Hoardings
62:25 Chain Barding Armor
Hercule Poirot II
0:27 Loom
11:42 Feudal Age
12:15 Town Watch
15:13 Gold Mining
15:45 Horse Collar
23:14 Castle Age
21:32 Fletching
22:00 Stone Mining
26:50 Wheelbarrow
27:05 Gold Shaft Mining
26:47 Bodkin Arrow
27:59 Hand Cart
27:45 Town Patrol
29:45 Heavy Plow
33:14 Imperial Age
33:20 Fortified Wall
34:28 Conscription
34:11 Manipur Cavalry
35:52 Caravan
36:55 Masonry
38:10 Onager
38:12 Heavy Scorpion
38:43 Capped Ram
39:43 Medium Warships
40:37 Pikeman
41:17 Squires
41:02 Arson
41:23 Howdah
42:14 Heavy Warships
41:50 Murder Holes
42:26 Architecture
42:58 Chemistry
41:54 Treadmill Crane
42:34 Ballistics
43:55 Sanctity
44:05 Forging
43:55 Scale Mail Armor
44:05 Siege Engineers
45:04 Fervor
44:26 Halberdier
47:35 Iron Casting
47:15 Chain Mail Armor
47:06 Scale Barding Armor
47:02 Padded Archer Armor
53:14 Cavalier
53:54 Husbandry
54:05 Bloodlines
55:41 Crossbowman
59:50 Blast Furnace
59:20 Plate Mail Armor
59:10 Chain Barding Armor
61:29 Chain Barding Armor
61:09 Bracer
Velox_M_B
0:29 Loom
12:27 Feudal Age
13:02 Double-Bit Axe
13:03 Fishing Lines
13:11 Horse Collar
15:39 Wheelbarrow
15:38 Gold Mining
21:05 Castle Age
19:04 Fletching
22:11 Bow Saw
22:07 Heavy Plow
22:48 Gold Shaft Mining
22:04 Stone Mining
22:48 Husbandry
23:19 Medium Warships
23:53 Bodkin Arrow
24:26 Thumb Ring
28:24 Ballistics
29:45 Murder Holes
30:09 Gillnets
34:30 Imperial Age
33:03 Forging
33:12 Clinker Construction
35:34 Iron Casting
34:31 Elite Tarkan
35:13 Marauders
37:05 Conscription
37:22 Hand Cart
38:55 Blast Furnace
38:01 Scale Barding Armor
38:32 Demolition Ship
39:40 Heavy Warships
40:56 Chain Barding Armor
40:39 Bracer
44:43 Caravan
46:24 Two-Man Saw
47:35 Town Watch
53:12 Squires
52:58 Arson
55:29 Elite Skirmisher
56:21 Pikeman
58:20 Atheism
59:42 Bloodlines
58:52 Light Cavalry
61:32 Halberdier
62:02 Cavalier
Connection lost

Rejoining the realm…

Still unreachable

The connection could not be restored.

Session expired

The server has moved on; the page needs a fresh start.